Unix NetHack Version 5.0.0-0 post-release - last build Jun 10 2026 00:39:30 (3ee93aec679c4c4259841fe613dc97188e26a321,branch:main).

Game began 2026-06-14 09:44:47, ended 2026-06-14 10:37:34.

DiePARTEI, neutral male human Tourist

  -----         ---------
  |<..---  ------.......--    -.-----                       ---------------
  |.....---|...([.[.......00##.......#           -----      |.............|
  --..|....|.-----.---|..|    |.._..| #         >....|      -|---.--.----+-
   --.|-.....----  #  |..|    |.../.|  .-----   -....|---  |..|...|-.|
    --|......)..|     |..--   ---|---  |..+.-----....|..---|..|.-.-..---
      ----.|....|    -....--    |.|    |.........--.+-.....-+-.........--+-
         -----..|    |.....---- |.|    |..|...-.........--................|
             |..|    .........---.--   ---|....|-.......-|..--------|--..--
             --.|    ---...........----   |.|..||...)....|-.|..+*.....|..-
              |.|      |...|....`.....|---|.|..|--.......|# |][%?)%*!.|...|
              ---     -------...---...|..-|.|--- --....--.  ---------------
                      |..|..|-...|f@---...|.--..| ..|....|------
                .-----|..|..|--...Y.|-....|.....|   --...-|...(|
                ......-|---+-----.[-|..........-|    |...)((..(|
                .----..%...[(.......|...G.......|   .....-|.).(|
                .-- |-+--.---------.........--..|   .....|------
                ..| |...|)|.(?(|  --.......------   |....|
                --- |...|.).(((|   ---......         ...--
                    ------|..((|     -----            ..
                          ------
DiePARTEI the Excursionist  St:12 Dx:10 Co:15 In:12 Wi:14 Ch:16  Neutral
Dlvl:8  $:263 HP:0(54) Pw:35(35) AC:-1 Xp:7 T:4915  Burdened

Latest messages:
 Your movements are slowed slightly because of your load.
 Something is written here in the dust.
 You read: "?? ?s".
 You hear the splashing of a naiad.
 You see here a pair of iron shoes.
 You see here an uncursed pick-axe.
 You have a little trouble lifting x - an uncursed pick-axe.
 The housecat bites the green mold.
 The housecat bites the green mold.
 The housecat is splashed by the green mold's acid!
 The housecat misses the green mold.
 The housecat misses the green mold.
 The housecat bites the green mold.
 The housecat is splashed by the green mold's acid!
 The housecat bites the green mold.
 The green mold is killed!
 You see here a pair of iron shoes.
 You miss the owlbear.
 The owlbear hits!
 The owlbear just misses!
 The housecat drops a pair of iron shoes.
 You miss the owlbear.
 The owlbear hits!
 The owlbear misses!
 The owlbear misses!
 The owlbear hits!
 You hit the owlbear.
 The owlbear hits!
 The owlbear hits again!
 The owlbear grabs you!
 You miss the owlbear.
 The owlbear hits!
 The owlbear misses!
 You are being crushed.
 You miss the owlbear.
 The owlbear misses!
 The owlbear hits!
 You are being crushed.
 The owlbear hits!
 The owlbear hits again!
 You are being crushed.
 Are you sure you want to pray? [yn] (n) y
 You begin praying to The Lady.
 The owlbear hits!
 You die...
 Do you want your possessions identified? [ynq] (y) y
 Do you want to see your attributes? [ynq] (y) y
 Do you want an account of creatures vanquished? [ynaq] (y) y
 Do you want to see your conduct and achievements? [ynq] (y) y
 Do you want to see the dungeon overview? [ynq] (y) y

Inventory:
 Coins    ('$')
  $ - 263 gold pieces
 Weapons  (')')
  a - 2 +2 darts (at the ready)
  M - a rusty +0 dart
 Armor    ('[')
  b - a cursed rustproof +0 dwarvish iron helm (being worn)
  X - an uncursed +0 pair of elven boots (being worn)
  N - a cursed +0 elven shield (being worn)
  m - an uncursed fireproof +0 elven cloak (being worn)
  i - an uncursed +0 Hawaiian shirt with a parrot motif (being worn)
  E - an uncursed +0 elven mithril-coat (being worn)
 Comestibles  ('%')
  e - 4 uncursed food rations
  f - 3 uncursed tripe rations
 Spellbooks  ('+')
  u - an uncursed spellbook of cure sickness
 Rings    ('=')
  p - an uncursed ring of protection from shape changers
 Wands    ('/')
  z - a wand of death (0:4)
  T - a wand of fire (0:0)
  y - a wand of magic missile (0:4)
  Y - a wand of magic missile (0:3)
  D - a wand of make invisible (0:3)
 Tools    ('(')
  s - an uncursed bag of holding containing 15 items
  C - a fire horn (0:8)
  I - an uncursed blindfold
  j - an expensive camera named sleepres,poisres (0:65)
  A - an uncursed magic lamp
  S - an uncursed magic lamp (lit)
  V - a cursed magic lamp
  R - an uncursed magic whistle
  q - an uncursed mirror
  x - a +0 pick-axe
  H - an uncursed skeleton key
  U - an uncursed stethoscope
 Gems/Stones  ('*')
  P - 2 uncursed agate stones
  w - an uncursed topaz stone
  k - 2 uncursed worthless pieces of black glass
  W - 2 uncursed worthless pieces of blue glass
  l - 2 uncursed worthless pieces of red glass
  v - an uncursed worthless piece of white glass

Contents of the bag of holding:
  an uncursed scroll of charging
  an uncursed scroll of confuse monster
  a cursed scroll of enchant armor
  4 uncursed scrolls of magic mapping
  2 uncursed potions of blindness
  an uncursed potion of booze
  an uncursed potion of enlightenment
  a cursed potion of enlightenment
  an uncursed potion of fruit juice
  an uncursed potion of full healing
  an uncursed potion of gain ability
  an uncursed potion of hallucination
  an uncursed potion of paralysis
  a cursed potion of see invisible
  2 uncursed potions of sleeping

DiePARTEI the Tourist's attributes:

Background:
 You were an Excursionist, a level 7 male human Tourist.
 You were neutral, on a mission for The Lady
 who was opposed by Blind Io (lawful) and Offler (chaotic).
 You were right-handed.
 You were in the Gnomish Mines, on level 8.
 You entered the dungeon 4915 turns ago.
 There was a new moon in effect when your adventure ended.
 You had 1212 experience points, 68 more were needed to attain level 8.

Basics:
 You had 0 out of 54 hit points.
 You had all 35 energy points (spell power).
 Your armor class was -1.
 Your wallet contained 263 zorkmids.
 Autopickup was off.

Final Characteristics:
 Your strength was 12 (peak:14, limit:18/100).
 Your dexterity was 10 (limit:18).
 Your constitution was 15 (limit:18).
 Your intelligence was 12 (limit:18).
 Your wisdom was 14 (limit:18).
 Your charisma was 16 (limit:18).

Final Status:
 You were held by an owlbear (southwest).
 You weren't hungry.
 You were burdened; movement was slightly slowed.
 You were bare handed.
 You had basic skill with bare handed combat.

Final Attributes:
 You were fervently aligned.
 You were sleep resistant.
 You were poison resistant.
 You were clairvoyant.
 You were stealthy.
 You were guarded.
 You were unlucky.
 You are dead.

Miscellaneous:
 You didn't encounter any bones levels.
 Total elapsed playing time was 52 minutes and 46 seconds.

Major events:
 Turn
    1: DiePARTEI the neutral male human Tourist entered the dungeon
 1218: attained the rank of Sightseer (level 3)
 2113: entered the Gnomish Mines
 2754: attained the rank of Excursionist (level 6)
 3561: reached Mine Town
 4463: killed Nenilukah, the hardware store proprietor
 4915: killed by an owlbear, while praying

You didn't know any spells.

Skills:
 Fighting Skills
   bare handed combat [Basic]
   two weapon combat  [Unskilled]
   riding             [Unskilled]
 Weapon Skills
   dagger             [Unskilled]
   knife              [Unskilled]
   axe                [Unskilled]
   pick-axe           [Unskilled]
   short sword        [Unskilled]
   broadsword         [Unskilled]
   long sword         [Unskilled]
   two-handed sword   [Unskilled]
   saber              [Unskilled]
   mace               [Unskilled]
   morning star       [Unskilled]
   flail              [Unskilled]
   hammer             [Unskilled]
   quarterstaff       [Unskilled]
   polearms           [Unskilled]
   spear              [Unskilled]
   trident            [Unskilled]
   lance              [Unskilled]
   bow                [Unskilled]
   sling              [Unskilled]
   crossbow           [Unskilled]
   dart               [Skilled]
   shuriken           [Unskilled]
   boomerang          [Unskilled]
   whip               [Unskilled]
   unicorn horn       [Unskilled]
 Spellcasting Skills
   divination spells  [Unskilled]
   enchantment spells [Unskilled]
   escape spells      [Unskilled]

Voluntary challenges:
 Character rerolling was not enabled.
 You never hit with a wielded weapon.
 You never genocided any monsters.
 You never polymorphed an object.
 You never changed form.
 You used no wishes.
Achievements:
 You attained the rank of Sightseer.
 You entered a shop.
 You entered the Gnomish Mines.
 You attained the rank of Excursionist.
 You entered Minetown.
 You entered a temple.

 The Dungeons of Doom: levels 1 to 5
    Level 1:
       Some fountains.
    Level 2:
       A grave.
    Level 3:
       Some fountains, a sink.
    Level 4:
       Stairs down to The Gnomish Mines.
    Level 5:
       A general store, a fountain.
 The Gnomish Mines: levels 5 to 8
    Level 5:
    Level 6:
    Level 7:
    Level 8: <- You were here.
       Many shops, a temple and an altar, a fountain.
       Final resting place for
          you, killed by an owlbear, while praying.


Vanquished creatures:
  a shopkeeper
  2 small mimics
  a tengu
  a giant beetle
  a quivering blob
  a spotted jelly
  a werewolf
  a dwarf leader
  4 Woodland-elves
  a bugbear
  a mountain nymph
  2 Mordor orcs
  a rock mole
  2 yellow lights
  7 gnome leaders
  2 gnomish wizards
  2 giant ants
  a little dog
  2 floating eyes
 10 dwarves
  a centipede
  a giant bat
  2 orc zombies
 an iguana
  4 hobbits
  a hobgoblin
  a green mold
  a red mold
 25 gnomes
  a gnome zombie
  a gecko
  6 jackals
  a fox
  2 kobolds
  2 goblins
 10 grid bugs
  5 lichens
  a kobold zombie
  7 newts
117 creatures vanquished.

No species were genocided or became extinct.

Game over:
                       ----------
                      /          \
                     /    REST    \
                    /      IN      \
                   /     PEACE      \
                  /                  \
                  |    DiePARTEI     |
                  |      263 Au      |
                  |   killed by an   |
                  |     owlbear      |
                  |                  |
                  |                  |
                  |       2026       |
                 *|     *  *  *      | *
        _________)/\\_//(\/(/\)/\//\/|_)_______

Aloha DiePARTEI the Tourist...

You died in The Gnomish Mines on dungeon level 8 with 5450 points,
and 263 pieces of gold, after 4915 moves.
You were level 7 with a maximum of 54 hit points when you died.

